[Event "Titled Tuesday Blitz April 4 Late 2023"]
[White "Georg, Heinz"]
[Black "Plotnikov, Pavel"]
[WhiteFideId "4607295"]
[BlackFideId "4170342"]
[WhiteElo "2241"]
[BlackElo "2298"]
[Result "0-1"]
[Round "01"]
[TimeControl "180+2"]
[Date "2023.04.04"]
[WhiteClock "0:02:12"]
[BlackClock "0:02:36"]

1. e4 e6 2. c4 d5 3. cxd5 exd5 4. exd5 Nf6 5. Nc3 Be7 6. Bb5+ Nbd7 7. Nf3 O-O 8. O-O a6 9. Ba4 b5 10. Bb3 Bb7 11. d4 Nb6 12. d6 Qxd6 13. Re1 b4 14. Na4 Nxa4 15. Bxa4 Nd5 16. Ne5 Rfd8 17. Nc6 Bxc6 18. Bxc6 Qxc6 0-1


[Site "https://www.chess.com"]

[Event "Titled Tuesday Blitz April 4 Late 2023"]
[White "Alex_Sahakyan2006"]
[Black "Onslow, Alfie"]
[BlackFideId "436976"]
[WhiteElo "2599"]
[BlackElo "2114"]
[Result "1-0"]
[Round "01"]
[TimeControl "180+2"]
[Date "2023.04.04"]
[WhiteClock "0:01:28"]
[BlackClock "0:00:13"]

1. Nf3 c5 2. g3 Nc6 3. Bg2 Nf6 4. O-O g6 5. d3 Bg7 6. Nc3 O-O 7. a3 Rb8 8. e4 d6 9. h3 b5 10. Nh4 Nd4 11. f4 e6 12. Nf3 Ne8 13. Nxd4 cxd4 14. Ne2 Qc7 15. f5 exf5 16. exf5 Bxf5 17. Nf4 Rc8 18. Rf2 Nf6 19. g4 Be6 20. g5 Nd7 21. Nd5 Bxd5 22. Bxd5 Ne5 23. Bf4 Qd7 24. Kg2 Kh8 25. Qe2 f6 26. Raf1 f5 27. Kg3 Rfe8 28. Qd1 Rc5 29. Ba2 Rec8 30. b4 Rc3 31. Bd5 Rxa3 32. h4 Rac3 33. h5 Qe7 34. Re1 Qd8 35. Rh2 a5 36. hxg6 Nxg6 37. Rxh7+ Kxh7 38. Qh5+ Bh6 39. Qxh6# 1-0


[Site "https://www.chess.com"]

[Event "Titled Tuesday Blitz April 4 Late 2023"]
[White "Osmonbekov, Talaibek"]
[Black "Jocev, Milan"]
[WhiteFideId "2017253"]
[BlackFideId "900680"]
[WhiteElo "2135"]
[BlackElo "2304"]
[Result "0-1"]
[Round "01"]
[TimeControl "180+2"]
[Date "2023.04.04"]
[WhiteClock "0:00:01"]
[BlackClock "0:00:14"]

1. d4 Nf6 2. Bf4 d5 3. Nc3 Bf5 4. e3 e6 5. f3 Bd6 6. Nge2 Bg6 7. g4 h6 8. h4 Nc6 9. h5 Bh7 10. Ng3 e5 11. dxe5 Nxe5 12. Be2 c6 13. Qd2 Qe7 14. O-O-O O-O-O 15. Nf5 Bxf5 16. gxf5 Nc4 17. Bxd6 Nxd6 18. Bd3 Rhe8 19. Rde1 Qe5 20. f4 Qe7 21. Qg2 Nde4 22. Bxe4 dxe4 23. Qxg7 Rg8 24. Qxh6 Ng4 25. Qh7 Nf6 26. Qh6 Rh8 27. Qg5 Rdg8 28. Qh4 Rxh5 29. Qf2 Rxf5 30. Rd1 Rc5 31. Rd4 Rxc3 32. bxc3 Qa3+ 33. Kd2 Nd5 34. Rxd5 cxd5 35. f5 Qd6 36. Rh7 Rf8 37. Qf4 Qxf4 38. exf4 Kd8 39. Ke3 Ke7 40. Kd4 Kf6 41. Rh5 Rd8 42. a4 Re8 43. Kxd5 e3 44. Rh1 e2 45. Re1 Kxf5 46. Kd4 Kxf4 0-1


[Site "https://www.chess.com"]

[Event "Titled Tuesday Blitz April 4 Late 2023"]
[White "Goroshkov, Maksym"]
[Black "Chabris, Christopher"]
[WhiteFideId "14142716"]
[BlackFideId "2005263"]
[WhiteElo "2322"]
[BlackElo "2220"]
[Result "1-0"]
[Round "01"]
[TimeControl "180+2"]
[Date "2023.04.04"]
[WhiteClock "0:00:18"]
[BlackClock "0:00:02"]

1. e4 c5 2. d4 cxd4 3. c3 e5 4. cxd4 exd4 5. Nf3 Nc6 6. Bc4 Bb4+ 7. Bd2 Bxd2+ 8. Nbxd2 Nf6 9. e5 Ng4 10. O-O O-O 11. Re1 d5 12. Bb5 Qb6 13. Qb3 Na5 14. Qd3 a6 15. Ba4 Qxb2 16. Nxd4 Nxe5 17. Qe3 Nac4 18. Nxc4 Nxc4 19. Qd3 Qd2 20. Qxd2 Nxd2 21. Rad1 Nc4 22. Bc2 Bd7 23. Bf5 Ba4 24. Rd3 Rfe8 25. Rb1 b5 26. h4 g6 27. Bg4 Kg7 28. Bf3 Rad8 29. Rc1 Ne5 30. Rdc3 b4 31. Rc7 Nxf3+ 32. gxf3 Rd7 33. Rxd7 Bxd7 34. Rc7 Ba4 35. Ra7 Re1+ 36. Kg2 Bb5 37. Nc2 Re2 38. Nxb4 Rb2 39. Nxd5 Bf1+ 40. Kxf1 Rxa2 41. Nb4 Ra4 42. Nxa6 Rxh4 43. Nc5 Rc4 44. Ne4 h5 45. Rxf7+ Kh6 46. Kg2 g5 47. Rf6+ Kg7 48. Rf5 g4 49. Rxh5 gxf3+ 50. Kxf3 Rc2 51. Ra5 Kf7 52. Kf4 Rc4 53. f3 Rb4 54. Kf5 Rb3 55. Ra7+ Ke8 56. f4 Rb6 57. Ke5 Rc6 58. Nd6+ Kd8 59. Ke6 1-0


[Site "https://www.chess.com"]

[Event "Titled Tuesday Blitz April 4 Late 2023"]
[White "ritanovikova"]
[Black "Ambartsumova, Karina"]
[BlackFideId "4166299"]
[WhiteElo "2219"]
[BlackElo "2240"]
[Result "0-1"]
[Round "01"]
[TimeControl "180+2"]
[Date "2023.04.04"]
[WhiteClock "0:00:04"]
[BlackClock "0:00:37"]

1. e4 c5 2. Nc3 Nc6 3. d3 g6 4. Be3 d6 5. Qd2 Bg7 6. g3 e5 7. Bg2 Nge7 8. Bh6 Bxh6 9. Qxh6 Nd4 10. Qd2 Be6 11. Nd1 Qd7 12. c3 Ndc6 13. f4 O-O-O 14. Nf3 f6 15. Ne3 exf4 16. gxf4 d5 17. c4 dxe4 18. dxe4 Qc7 19. Nd5 Bxd5 20. exd5 Nf5 21. O-O-O Kb8 22. Kb1 Ncd4 23. Nxd4 Nxd4 24. Rhe1 Rhe8 25. b3 Qd6 26. Kb2 f5 27. Rxe8 Rxe8 28. Re1 Rxe1 29. Qxe1 Qxf4 30. Qe8+ Kc7 31. Qe7+ Kb6 32. Qf6+ Ka5 33. b4+ cxb4 34. Qg7 Qd2+ 35. Ka1 Qc1# 0-1


[Site "https://www.chess.com"]

[Event "Titled Tuesday Blitz April 4 Late 2023"]
[White "Ozates, Tuna"]
[Black "Srdanovic, Jovana"]
[WhiteFideId "6354521"]
[BlackFideId "954810"]
[WhiteElo "2151"]
[BlackElo "2145"]
[Result "1-0"]
[Round "01"]
[TimeControl "180+2"]
[Date "2023.04.04"]
[WhiteClock "0:00:17"]
[BlackClock "0:00:12"]

1. e4 c6 2. Nf3 d5 3. d3 g6 4. e5 Bg7 5. g3 Bg4 6. d4 e6 7. Bg2 Nd7 8. O-O Ne7 9. Re1 Qb6 10. c3 O-O 11. h3 Bxf3 12. Bxf3 c5 13. a3 cxd4 14. cxd4 Nf5 15. Be3 Qxb2 16. Nd2 Nxd4 17. Rb1 Nxf3+ 18. Nxf3 Qxa3 19. Rxb7 Nxe5 20. Nxe5 Bxe5 21. Bh6 Bg7 22. Bxg7 Kxg7 23. Rxe6 Rac8 24. Kg2 Qa2 25. Ree7 Rc2 26. Qd4+ Kg8 27. Rxa7 Qc4 28. Qf6 d4 29. Rxf7 Qxf7 30. Rxf7 Rxf7 31. Qd8+ Rf8 32. Qd5+ Rf7 33. Qd8+ Rf8 34. Qxd4 Rfxf2+ 35. Qxf2 Rxf2+ 36. Kxf2 Kf7 37. Ke3 Ke6 38. Ke4 Kf6 39. Kf4 Kf7 40. Ke5 Kg8 41. h4 Kf7 42. g4 Ke7 43. g5 Ke8 44. Ke6 Kf8 45. Kf6 Kg8 46. Ke6 Kf8 47. Kf6 Kg8 48. Ke7 Kg7 49. Ke8 Kg8 50. Ke7 Kg7 51. Ke6 h6 52. Ke7 hxg5 53. hxg5 Kg8 54. Kf6 Kf8 55. Kxg6 Kg8 56. Kh6 Kh8 57. g6 Kg8 58. g7 Kf7 59. Kh7 Kf6 60. g8=Q Kf5 61. Qg6+ 1-0


[Site "https://www.chess.com"]

[Event "Titled Tuesday Blitz April 4 Late 2023"]
[White "Antonova, Nadezhda"]
[Black "Postnikov, Daniil"]
[WhiteFideId "14700182"]
[BlackFideId "4166329"]
[WhiteElo "1765"]
[BlackElo "2261"]
[Result "0-1"]
[Round "01"]
[TimeControl "180+2"]
[Date "2023.04.04"]
[WhiteClock "0:01:15"]
[BlackClock "0:01:09"]

1. Nf3 f5 2. d4 Nf6 3. g3 g6 4. Bg2 Bg7 5. O-O O-O 6. b3 d6 7. Bb2 Qe8 8. c4 Na6 9. Nc3 c6 10. Qc2 e5 11. dxe5 dxe5 12. e4 f4 13. gxf4 Nh5 14. fxe5 Nf4 15. Rfe1 Bg4 16. Ba3 Nxg2 17. Bxf8 Qxf8 18. Kxg2 Qxf3+ 19. Kg1 Bh3 0-1


[Site "https://www.chess.com"]

[Event "Titled Tuesday Blitz April 4 Late 2023"]
[White "Taboas Rodriguez, Daniel"]
[Black "mjelcic"]
[WhiteFideId "2208466"]
[WhiteElo "2365"]
[BlackElo "2208"]
[Result "0-1"]
[Round "01"]
[TimeControl "180+2"]
[Date "2023.04.04"]
[WhiteClock "0:01:36"]
[BlackClock "0:01:00"]

1. d4 d5 2. Nf3 Nf6 3. c4 dxc4 4. e3 e6 5. Bxc4 c5 6. O-O a6 7. b3 b5 8. Be2 Bb7 9. a4 b4 10. Bb2 Nbd7 11. Nbd2 Be7 12. Nc4 O-O 13. Nfe5 cxd4 14. Bxd4 Nxe5 15. Nxe5 Nd5 16. Rc1 Rc8 17. Qd2 Rxc1 18. Rxc1 Qa8 19. Bf3 Rc8 20. h3 f6 21. Nc4 a5 22. Bxd5 Bxd5 23. Nb6 Rxc1+ 24. Qxc1 Qc6 25. Qxc6 Bxc6 26. Nc4 Bd8 27. Bb6 Bxb6 28. Nxb6 Bd5 29. f3 Bxb3 30. Kf2 Kf7 31. Ke2 Ke7 32. Kd2 Kd6 33. Kc1 Kc7 0-1


[Site "https://www.chess.com"]

[Event "Titled Tuesday Blitz April 4 Late 2023"]
[White "Rosenberg, Evan S"]
[Black "Mendez Fortes, Eduardo Jesus"]
[WhiteFideId "2019299"]
[BlackFideId "3502376"]
[WhiteElo "2199"]
[BlackElo "2307"]
[Result "0-1"]
[Round "01"]
[TimeControl "180+2"]
[Date "2023.04.04"]
[WhiteClock "0:00:02"]
[BlackClock "0:00:13"]

1. d4 Nf6 2. Nf3 d5 3. c3 c5 4. dxc5 e6 5. Be3 a5 6. c4 Nbd7 7. Nc3 Nxc5 8. cxd5 exd5 9. g3 Nce4 10. Nxe4 Nxe4 11. Bg2 Bb4+ 12. Nd2 Qf6 13. O-O Nxd2 14. Bxd2 Qxb2 15. Bxb4 Qxb4 16. Rb1 Qa3 17. Rb3 Qxa2 18. Re3+ Be6 19. Bxd5 Qb2 20. Bxe6 O-O 21. Bh3 a4 22. Qa1 Qc2 23. Rc1 Qg6 24. Bg2 Ra7 25. Re7 Qa6 26. Bd5 b5 27. Qe5 Rxe7 28. Qxe7 a3 29. Rc7 Qf6 30. Qxa3 h6 31. Qf3 Qg6 32. h4 b4 33. Rb7 Kh8 34. Rxb4 Qd6 35. Rb7 f5 36. Kg2 f4 37. Qe4 fxg3 38. fxg3 Qf6 39. Qf3 Qd6 40. Rf7 Rd8 41. Be4 Kg8 42. Qf5 Qd4 0-1


[Site "https://www.chess.com"]

[Event "Titled Tuesday Blitz April 4 Late 2023"]
[White "cryptoguru02"]
[Black "MClarke95"]
[WhiteElo "2588"]
[BlackElo "2187"]
[Result "1-0"]
[Round "01"]
[TimeControl "180+2"]
[Date "2023.04.04"]
[WhiteClock "0:00:15"]
[BlackClock "0:00:01"]

1. d4 Nf6 2. c4 e6 3. Nc3 d5 4. Nf3 Be7 5. Bf4 O-O 6. e3 c6 7. c5 Nh5 8. Bd3 Nd7 9. O-O Nxf4 10. exf4 b6 11. b4 a5 12. a3 Qc7 13. g3 Ba6 14. Bxa6 Rxa6 15. Qe2 Raa8 16. f5 e5 17. Nxe5 Nxe5 18. dxe5 axb4 19. axb4 bxc5 20. bxc5 Bxc5 21. Kg2 Rxa1 22. Rxa1 Bd4 23. Rc1 Qxe5 24. Qxe5 Bxe5 25. Na4 Rc8 26. Nc5 Bd6 27. Nd7 d4 28. Kf3 Rc7 29. Nb6 Bb4 30. Nd5 Ba3 31. Nxc7 Bxc1 32. Ke4 c5 33. Kd3 Kf8 34. Nd5 Ba3 35. g4 Ke8 36. g5 Kd7 37. Nb6+ Kc6 38. Nc4 Bb4 39. f4 f6 40. h4 h6 41. h5 Bc3 42. Na3 Kd5 43. Nc4 Kc6 44. Na3 Bb2 45. Nc4 Bc1 46. Na5+ Kd5 47. Nc4 Bxf4 48. g6 Bg5 49. Nb6+ Ke5 50. Nd7+ Kd6 51. Nf8 Kd5 52. Ne6 c4+ 53. Ke2 d3+ 54. Kf3 c3 55. Nxg7 c2 56. Ne8 c1=Q 57. g7 Qf1+ 58. Kg3 Qg1+ 59. Kf3 Bd2 60. g8=Q+ 1-0


[Site "https://www.chess.com"]

[Event "Titled Tuesday Blitz April 4 Late 2023"]
[White "Kavutskiy, Konstantin"]
[Black "Barria Santos, Jose Guilherme"]
[WhiteFideId "2026384"]
[BlackFideId "1939300"]
[WhiteElo "2323"]
[BlackElo "2266"]
[Result "1-0"]
[Round "01"]
[TimeControl "180+2"]
[Date "2023.04.04"]
[WhiteClock "0:02:06"]
[BlackClock "0:00:50"]

1. d4 Nf6 2. Bg5 g6 3. Bxf6 exf6 4. c4 Bg7 5. Nc3 O-O 6. g3 c6 7. Bg2 f5 8. e3 Na6 9. Nge2 Nc7 10. O-O d5 11. cxd5 cxd5 12. Qb3 Be6 13. Nf4 h5 14. Ncxd5 Rb8 15. Nxe6 Nxe6 16. Rac1 h4 17. Rc2 Qd7 18. Rfc1 hxg3 19. hxg3 Rfc8 20. Rxc8+ Rxc8 21. Rxc8+ 1-0


[Site "https://www.chess.com"]

[Event "Titled Tuesday Blitz April 4 Late 2023"]
[White "Svicevic, Rastko"]
[Black "Fiorito, Francisco"]
[WhiteFideId "916315"]
[BlackFideId "180165"]
[WhiteElo "2071"]
[BlackElo "2341"]
[Result "0-1"]
[Round "01"]
[TimeControl "180+2"]
[Date "2023.04.04"]
[WhiteClock "0:00:13"]
[BlackClock "0:02:00"]

1. d4 Nf6 2. Bg5 d5 3. Bxf6 exf6 4. e3 g6 5. g3 f5 6. Bg2 Bg7 7. Ne2 O-O 8. O-O c6 9. Nd2 Be6 10. Nf4 Nd7 11. b3 Nf6 12. c4 Ne4 13. Qc2 Rc8 14. c5 h5 15. b4 h4 16. Nxe4 fxe4 17. Nxe6 fxe6 18. Qe2 Qg5 19. b5 e5 20. bxc6 bxc6 21. Rad1 exd4 22. exd4 Rce8 23. Qe3 Qh5 24. Rfe1 h3 25. Bf1 g5 26. Qa3 Re7 27. Qa6 Qg6 28. Bxh3 g4 29. Bg2 Ref7 30. Re2 Qf5 31. Qxc6 Rf6 32. Qb5 Rh6 33. c6 Qh5 0-1


[Site "https://www.chess.com"]

[Event "Titled Tuesday Blitz April 4 Late 2023"]
[White "TimGrutter03"]
[Black "Dylag, Emilia"]
[BlackFideId "21805172"]
[WhiteElo "2582"]
[BlackElo "1878"]
[Result "1-0"]
[Round "01"]
[TimeControl "180+2"]
[Date "2023.04.04"]
[WhiteClock "0:00:49"]
[BlackClock "0:00:01"]

1. e4 e5 2. Nf3 Nc6 3. Bc4 Nf6 4. d3 Be7 5. O-O O-O 6. Re1 d6 7. a4 h6 8. h3 Re8 9. c3 Bf8 10. Qb3 Re7 11. a5 Be6 12. Bxe6 Rxe6 13. Qxb7 d5 14. exd5 Nxd5 15. Qb3 Rb8 16. Qc2 g6 17. a6 f5 18. Na3 Bg7 19. Nc4 Qe8 20. Ne3 Nf6 21. b4 e4 22. dxe4 Nxe4 23. Bb2 f4 24. Nd5 Ne5 25. Qxe4 Nxf3+ 26. Qxf3 Rxe1+ 27. Rxe1 Qxe1+ 28. Kh2 Qe5 29. Bc1 Rd8 30. c4 g5 31. Bd2 c6 32. Bc3 Qe6 33. Bxg7 cxd5 34. Bb2 dxc4 35. Qc3 Rd7 36. Qh8+ Kf7 37. Bc3 f3 38. gxf3 Qg6 39. Qc8 Rd3 40. Qxc4+ 1-0


[Site "https://www.chess.com"]

[Event "Titled Tuesday Blitz April 4 Late 2023"]
[White "Kornyukov, Alexey"]
[Black "Drori, Saar"]
[WhiteFideId "4150457"]
[BlackFideId "2812444"]
[WhiteElo "2352"]
[BlackElo "2322"]
[Result "0-1"]
[Round "01"]
[TimeControl "180+2"]
[Date "2023.04.04"]
[WhiteClock "0:00:01"]
[BlackClock "0:00:05"]

1. d4 Nf6 2. c4 c5 3. d5 e6 4. Nc3 exd5 5. cxd5 d6 6. e4 g6 7. f3 Bg7 8. Bg5 O-O 9. Qd2 Re8 10. a4 Na6 11. Bc4 Nc7 12. Nge2 b6 13. O-O a6 14. Rfb1 Bd7 15. b4 cxb4 16. Rxb4 b5 17. axb5 axb5 18. Rxa8 Qxa8 19. Nxb5 Bxb5 20. Bxb5 Qa1+ 21. Kf2 Nxb5 22. Rxb5 Nd7 23. Be3 Ne5 24. Bd4 Qa4 25. Rb1 Rc8 26. Kg1 h5 27. h3 Rc2 28. Qd1 Qc4 29. Bxe5 Bxe5 30. Kf1 Bf4 31. Ra1 Rd2 0-1


[Site "https://www.chess.com"]

[Event "Titled Tuesday Blitz April 4 Late 2023"]
[White "Romanchuk, Viktor"]
[Black "Michalski, Olaf"]
[WhiteFideId "14109271"]
[BlackFideId "1106740"]
[WhiteElo "2242"]
[BlackElo "2173"]
[Result "1-0"]
[Round "01"]
[TimeControl "180+2"]
[Date "2023.04.04"]
[WhiteClock "0:00:58"]
[BlackClock "0:00:06"]

1. d4 d6 2. c4 g6 3. Nf3 Bg7 4. g3 Nf6 5. Bg2 O-O 6. O-O c6 7. Nc3 Qa5 8. e4 e5 9. h3 a6 10. Be3 Nbd7 11. Qc2 b5 12. dxe5 Nxe5 13. Nxe5 dxe5 14. a3 bxc4 15. Na4 c3 16. b4 Qb5 17. Rfc1 a5 18. Nb6 Rb8 19. Bf1 Rxb6 20. Bxb5 Rxb5 21. Qxc3 1-0


[Site "https://www.chess.com"]

[Event "Titled Tuesday Blitz April 4 Late 2023"]
[White "Baruch, Liam"]
[Black "Rastbod, Ali"]
[WhiteFideId "14322064"]
[BlackFideId "12567477"]
[WhiteElo "2151"]
[BlackElo "2248"]
[Result "0-1"]
[Round "01"]
[TimeControl "180+2"]
[Date "2023.04.04"]
[WhiteClock "0:00:26"]
[BlackClock "0:01:03"]

1. e4 c6 2. d4 d5 3. exd5 cxd5 4. Bd3 Nf6 5. c3 Bg4 6. Qb3 Qc7 7. h3 Bd7 8. Nf3 e6 9. O-O Bd6 10. Re1 Bc6 11. Ne5 Nbd7 12. Bf4 Ne4 13. Bxe4 dxe4 14. Nxc6 Bxf4 15. Nb4 Nf6 16. Qa4+ Ke7 17. Qa3 Qd6 18. Nc2 b5 19. Qxd6+ Kxd6 20. Nba3 Rab8 21. Ne3 Rhc8 22. Nac2 a5 23. a3 Nd5 24. Nf1 f5 25. Nce3 Rc6 26. g3 Bh6 27. g4 g6 28. Ng3 Bxe3 29. fxe3 b4 30. axb4 axb4 31. cxb4 Rxb4 32. Re2 Rcb6 33. Ra2 Rb3 34. Nf1 Nb4 35. Nd2 Nxa2 36. Nc4+ Kd5 37. Nxb6+ Rxb6 38. Rc2 Nb4 39. Rc5+ Kd6 40. Rc8 Nd5 41. Rh8 Rxb2 42. Rxh7 Nxe3 43. gxf5 gxf5 44. h4 f4 45. Rf7 f3 46. h5 Ng4 47. Rf4 Rb1# 0-1


[Site "https://www.chess.com"]

[Event "Titled Tuesday Blitz April 4 Late 2023"]
[White "Di Berardino, Diego Rafael"]
[Black "Krasteva, Beloslava"]
[WhiteFideId "2105446"]
[BlackFideId "2922029"]
[WhiteElo "2432"]
[BlackElo "2187"]
[Result "1-0"]
[Round "01"]
[TimeControl "180+2"]
[Date "2023.04.04"]
[WhiteClock "0:00:09"]
[BlackClock "0:00:01"]

1. e4 d5 2. exd5 Qxd5 3. Nf3 Bg4 4. Be2 Nf6 5. Nc3 Qd8 6. d4 e6 7. O-O c6 8. Be3 Bb4 9. Ne5 Bxe2 10. Nxe2 O-O 11. c3 Bd6 12. Qb3 Qc7 13. g3 Nbd7 14. Nc4 b5 15. Nxd6 Qxd6 16. a4 a6 17. Nf4 Nb6 18. axb5 axb5 19. Nd3 Nc4 20. Bf4 Qe7 21. Nb4 Nd5 22. Nxd5 exd5 23. Qc2 Ra7 24. Rxa7 Qxa7 25. Re1 Qa2 26. Re2 Qa4 27. b3 Qa1+ 28. Kg2 Nb6 29. Bd6 Ra8 30. Qd3 h6 31. h4 Qc1 32. Bf4 Qa3 33. Qc2 Qa1 34. h5 Qa3 35. b4 1-0


[Site "https://www.chess.com"]

[Event "Titled Tuesday Blitz April 4 Late 2023"]
[White "Bongo Akanga Ndjila, Barthelemy"]
[Black "Klenburg, Michael"]
[WhiteFideId "10609431"]
[BlackFideId "14102072"]
[WhiteElo "1768"]
[BlackElo "2396"]
[Result "0-1"]
[Round "01"]
[TimeControl "180+2"]
[Date "2023.04.04"]
[WhiteClock "0:00:19"]
[BlackClock "0:00:58"]

1. d4 d6 2. c4 e5 3. dxe5 dxe5 4. Qxd8+ Kxd8 5. e4 c6 6. Nc3 Be6 7. Na4 Nd7 8. f3 f6 9. Be3 Kc7 10. O-O-O Nh6 11. g4 Nf7 12. h4 Be7 13. Kc2 h5 14. Be2 hxg4 15. fxg4 Nd6 16. Nc5 Nxc5 17. Bxc5 Rae8 18. Bf3 Nxc4 19. Bf2 Rd8 20. Ne2 Rxd1 21. Rxd1 b6 22. b3 Na3+ 23. Kb2 Rd8 24. Rxd8 Kxd8 25. Nc3 Kc7 26. Be2 b5 27. Nb1 Nxb1 28. Kxb1 a5 29. Kb2 Bd7 30. Be1 Kb6 31. a4 Bc5 32. axb5 cxb5 33. g5 fxg5 34. hxg5 Bd4+ 35. Kc2 Be6 36. Bd3 b4 37. Bd2 Kc5 38. g6 Kd6 39. Bb5 Ke7 40. Bg5+ Kd6 41. Be8 Kc7 42. Bf7 Kd7 43. Bh4 Bc5 44. Bg5 Bxf7 45. gxf7 Ke6 46. Bd8 Kxf7 47. Bxa5 g5 48. Kd3 g4 49. Bc7 Ke6 50. Bd8 g3 51. Bh4 g2 52. Kc4 g1=Q 53. Bd8 Qd4+ 0-1


[Site "https://www.chess.com"]

[Event "Titled Tuesday Blitz April 4 Late 2023"]
[White "Hirneise, Jens"]
[Black "Matute Escobar, Roxanny"]
[WhiteFideId "24614734"]
[BlackFideId "3926028"]
[WhiteElo "2345"]
[BlackElo "1844"]
[Result "1-0"]
[Round "01"]
[TimeControl "180+2"]
[Date "2023.04.04"]
[WhiteClock "0:00:13"]
[BlackClock "0:00:04"]

1. b4 e5 2. Bb2 d6 3. d4 exd4 4. Qxd4 Nc6 5. Qd2 a6 6. Nf3 Nf6 7. e3 Bf5 8. Bd3 Bxd3 9. cxd3 d5 10. a3 Bd6 11. O-O O-O 12. Nc3 Ne7 13. Ne2 Ng6 14. Ng3 c5 15. bxc5 Bxc5 16. Rfc1 Rc8 17. a4 Re8 18. a5 h6 19. Nf5 Re6 20. N3d4 Re8 21. Nb3 Bf8 22. Rxc8 Qxc8 23. Nxh6+ gxh6 24. Bxf6 Qf5 25. Bb2 Qg5 26. f4 Qg4 27. Qc3 Rxe3 28. Qd2 Qxf4 29. Bd4 Re8 30. g3 Qg4 31. Re1 Rxe1+ 32. Qxe1 Nh4 33. Qf1 Nf5 34. Bf2 Ng7 35. Qc1 Qb4 36. Qd1 Ne6 37. h4 d4 38. Qg4+ Kh7 39. Nxd4 Nxd4 40. Bxd4 Qe1+ 41. Kg2 Qd2+ 42. Kh3 Qxd3 43. Qf4 Qg6 44. Qe5 Qe6+ 45. Qxe6 fxe6 46. Kg4 Kg6 47. h5+ Kf7 48. Bb6 Bd6 49. Kf3 Kf6 50. g4 Kg5 51. Bd8+ Be7 52. Bxe7# 1-0


[Site "https://www.chess.com"]

[Event "Titled Tuesday Blitz April 4 Late 2023"]
[White "Manu_ChessExcelsior"]
[Black "Han, Yichen"]
[BlackFideId "1054430"]
[WhiteElo "2132"]
[BlackElo "2342"]
[Result "0-1"]
[Round "01"]
[TimeControl "180+2"]
[Date "2023.04.04"]
[WhiteClock "0:00:04"]
[BlackClock "0:00:06"]

1. e4 e6 2. d3 d5 3. Nd2 g6 4. g3 Bg7 5. Bg2 Ne7 6. Ne2 c5 7. O-O Nbc6 8. f4 O-O 9. Nf3 dxe4 10. dxe4 b6 11. c3 Ba6 12. Qxd8 Raxd8 13. Re1 Na5 14. Nd2 Nc4 15. Nxc4 Bxc4 16. Be3 Rd3 17. Kf2 Rfd8 18. Nc1 Rd1 19. Nb3 R1d7 20. Bf3 a5 21. Rad1 a4 22. Nc1 a3 23. b3 Ba6 24. c4 Nc6 25. e5 Nb4 26. Rxd7 Rxd7 27. Re2 f6 28. Bd2 fxe5 29. Bxb4 cxb4 30. fxe5 Bh6 31. Re1 Bxc1 32. Rxc1 Rd2+ 33. Ke3 Rxa2 34. Bg4 Rb2 35. Bxe6+ Kg7 36. c5 bxc5 37. Rxc5 Re2+ 38. Kf4 Bd3 39. Ra5 Re4+ 40. Kf3 Re1 41. g4 Bb1 42. g5 a2 43. Ra7+ Kf8 44. Rf7+ Ke8 45. Ra7 Rxe5 46. Bf7+ Kf8 47. Bc4 Re1 48. Ra8+ Ke7 49. Ra7+ Kd6 50. h4 Be4+ 51. Kf2 a1=Q 52. Rd7+ Kxd7 53. Bb5+ Kc7 54. Bc4 Qd1 55. Be2 Qxe2+ 0-1


[Site "https://www.chess.com"]

[Event "Titled Tuesday Blitz April 4 Late 2023"]
[White "Tarnowska, Aleksandra"]
[Black "Andrej2004"]
[WhiteFideId "1180967"]
[WhiteElo "1776"]
[BlackElo "2564"]
[Result "1-0"]
[Round "01"]
[TimeControl "180+2"]
[Date "2023.04.04"]
[WhiteClock "0:00:10"]
[BlackClock "0:00:19"]

1. e4 b6 2. d4 Bb7 3. Nc3 g6 4. Be3 Bg7 5. Qd2 h6 6. f4 d6 7. Nf3 Nd7 8. Bc4 e6 9. f5 gxf5 10. exf5 d5 11. fxe6 fxe6 12. Bd3 Qe7 13. Bg6+ Kd8 14. O-O Ngf6 15. Ne5 Rf8 16. Rf3 Nxe5 17. dxe5 Ng4 18. Rxf8+ Qxf8 19. Rf1 Qb4 20. Rf4 Qxb2 21. Rxg4 Bxe5 22. Nd1 Qa1 23. Bxh6 c5 24. Bh5 Bd4+ 25. Kh1 Kc7 26. Bf4+ Kc6 27. Rg6 Bc8 28. Rg7 Bd7 29. Rf7 Rg8 30. h3 Be5 31. Bxe5 Qxe5 32. Bf3 Kd6 33. Qf4 Qxf4 34. Rxf4 e5 35. Rf7 Be6 36. Rxa7 e4 37. Be2 Ke5 38. Nf2 Rf8 39. Ng4+ Kf4 40. Re7 Bf5 41. Kh2 d4 42. Nh6 d3 43. cxd3 exd3 44. Nxf5 dxe2 45. Ng3 c4 46. Rxe2 c3 47. Rf2+ Ke3 48. Rxf8 c2 49. Rc8 Kd2 50. Rxc2+ Kxc2 51. h4 Kb2 52. a4 Ka2 53. h5 b5 54. h6 b4 55. h7 b3 56. h8=Q b2 57. Qxb2+ Kxb2 58. a5 1-0


[Site "https://www.chess.com"]

[Event "Titled Tuesday Blitz April 4 Late 2023"]
[White "Suder, Jakub"]
[Black "Winkels, Marcel"]
[WhiteFideId "1195310"]
[BlackFideId "1003887"]
[WhiteElo "2287"]
[BlackElo "1900"]
[Result "1-0"]
[Round "01"]
[TimeControl "180+2"]
[Date "2023.04.04"]
[WhiteClock "0:01:35"]
[BlackClock "0:00:32"]

1. d4 Nf6 2. c4 g6 3. Nc3 Bg7 4. e4 d6 5. Nf3 O-O 6. Be2 Na6 7. O-O e5 8. Be3 c6 9. dxe5 dxe5 10. Qc2 Qe7 11. a3 Nh5 12. Rfd1 f5 13. exf5 Bxf5 14. Bd3 Nf4 15. Bxf5 Rxf5 16. Ne4 Rff8 17. Bxf4 Rxf4 18. Re1 Raf8 19. c5 Nc7 20. Nd6 Nd5 21. Re4 Rxf3 22. gxf3 Rxf3 23. Rg4 Nf4 24. Qe4 Nh3+ 25. Kg2 Rf4 26. Rxf4 Nxf4+ 27. Kh1 Qh4 28. Qc4+ Kh8 29. Nf7+ Kg8 30. Nh6+ 1-0


[Site "https://www.chess.com"]

[Event "Titled Tuesday Blitz April 4 Late 2023"]
[White "Levine, David"]
[Black "Jimenez Almeida, Luis David"]
[WhiteFideId "2011611"]
[BlackFideId "22242244"]
[WhiteElo "2090"]
[BlackElo "2245"]
[Result "0-1"]
[Round "01"]
[TimeControl "180+2"]
[Date "2023.04.04"]
[WhiteClock "0:00:03"]
[BlackClock "0:00:46"]

1. d4 g6 2. g3 Bg7 3. Bg2 f5 4. Nf3 Nf6 5. O-O O-O 6. c4 d6 7. Nc3 Nc6 8. d5 Ne5 9. Nxe5 dxe5 10. e4 f4 11. gxf4 exf4 12. Bxf4 Nxe4 13. Nxe4 Rxf4 14. Rb1 Bg4 15. Qb3 b6 16. Rbe1 Kh8 17. Ng5 Qd6 18. Ne6 Bxe6 19. Rxe6 Qd7 20. Qe3 Rf7 21. b3 Re8 22. Bh3 Qd8 23. f4 c5 24. Qe4 Ref8 25. f5 gxf5 26. Rxf5 Bd4+ 27. Kh1 Rg8 28. Bg2 Rfg7 29. Rh5 Qf8 30. h4 Qf2 31. Rxh7+ Rxh7 0-1


[Site "https://www.chess.com"]

[Event "Titled Tuesday Blitz April 4 Late 2023"]
[White "Poltorak, Sebastian"]
[Black "Oliveira, Tiago Batista"]
[WhiteFideId "1199498"]
[BlackFideId "2108291"]
[WhiteElo "2195"]
[BlackElo "1962"]
[Result "1-0"]
[Round "01"]
[TimeControl "180+2"]
[Date "2023.04.04"]
[WhiteClock "0:00:47"]
[BlackClock "0:00:06"]

1. d4 Nf6 2. Nf3 g6 3. g3 Bg7 4. Bg2 O-O 5. O-O d5 6. c4 c6 7. b3 Be6 8. cxd5 Bxd5 9. Bb2 Ne4 10. Re1 Nd7 11. Nbd2 Ndf6 12. Nxe4 Nxe4 13. Ne5 a5 14. f3 Ng5 15. e4 Be6 16. h4 Nh3+ 17. Kh2 Qc8 18. Bxh3 Bxh3 19. g4 c5 20. Kxh3 cxd4 21. Nd3 e5 22. Rc1 Qe6 23. Ba3 Rfc8 24. Qd2 h5 25. Rxc8+ Rxc8 26. Rc1 Re8 27. Kg3 hxg4 28. fxg4 a4 29. Nc5 Qe7 30. Bb4 axb3 31. axb3 b6 32. Nd3 Qf6 33. Qg5 Qe6 34. Rc4 b5 35. Nc5 Qc8 36. Rc1 Qa8 37. h5 Qa2 38. hxg6 fxg6 39. Qxg6 Rf8 40. Qe6+ Kh8 41. Rh1+ 1-0


[Site "https://www.chess.com"]